 Dungeon Crawl Stone Soup version 0.28-a0-872-g80cf8599ee (webtiles) character file.

Game seed: 17431155333675817616

25335 pokeman the Eclecticist (level 12, -5/66 HPs)
             Began as a Deep Elf Hedge Wizard on Nov 20, 2021.
             Was a High Priest of Vehumet.
             Slain by a rakshasa (9 damage)
             ... on level 13 of the Dungeon.
             The game lasted 00:50:58 (18315 turns).

pokeman the Eclecticist (Deep Elf Hedge Wizard)    Turns: 18315, Time: 00:50:59

Health: -5/66      AC: 15    Str:  7    XL:     12   Next: 88%
Magic:  14/36      EV: 14    Int: 25    God:    Vehumet [*****.]
Gold:   885        SH:  5    Dex: 14    Spells: 32/47 levels left

rFire   . . .      SeeInvis .   k - +0 dagger (venom)
rCold   . . .      Faith    .   p - +0 buckler
rNeg    . . .      Spirit   .   K - +2 ring mail {rPois}
rPois   +          Reflect  .   Z - +2 helmet
rElec   .          Harm     .   m - +0 cloak
rCorr   .          Rampage  .   U - +0 pair of gloves
Will    +....                   h - +0 pair of boots
Stlth   ++........              (no amulet)
HPRegen 0.21/turn               y - +4 ring of evasion
MPRegen 0.25/turn               c - ring of flight

@: about to teleport, flying
A: no striking features
a: Renounce Religion


You were on level 13 of the Dungeon.
You worshipped Vehumet.
Vehumet was extremely pleased with you.
You visited 2 branches of the dungeon, and saw 14 of its levels.
You also visited: Sewer and Ossuary.

You collected 885 gold pieces.

Inventory:

Hand Weapons
 k - a +0 dagger of venom (weapon)
 q - a +0 shortbow of flaming
 G - a +0 hand crossbow
Missiles
 t - 144 bolts
Armour
 g - a +1 ring mail of cold resistance
 h - a +0 pair of boots (worn)
 m - a +0 cloak (worn)
 p - a +0 buckler (worn)
 K - a +2 ring mail of poison resistance (worn)
 U - a +0 pair of gloves (worn)
 Z - a +2 helmet (worn)
Jewellery
 c - a ring of flight (right hand)
 j - a ring of ice
 y - a +4 ring of evasion (left hand)
 A - a ring of fire
 I - a ring of protection from fire
Wands
 i - a wand of polymorph (9)
 H - a wand of iceblast (25)
 M - a wand of digging (2)
Scrolls
 e - 8 scrolls of teleportation
 l - 3 scrolls of blinking
 n - a scroll of summoning {unknown}
 o - 2 scrolls of enchant weapon
 E - 4 scrolls of magic mapping
 J - 5 scrolls of noise {unknown}
 O - 2 scrolls of brand weapon {unknown}
 R - 5 scrolls of vulnerability {unknown}
 X - a scroll of holy word {unknown}
Potions
 a - 5 potions of curing
 b - 2 potions of heal wounds
 f - a potion of lignification
 w - 2 potions of magic
 C - 2 potions of mutation
 D - 4 potions of flight
 F - 2 potions of might {unknown}
 N - 2 potions of haste
 Q - 2 potions of resistance {unknown}
 W - 2 potions of invisibility {unknown}
Miscellaneous
 d - a phantom mirror


   Skills:
 - Level 4.0 Fighting
 + Level 5.2 Armour
 - Level 3.1 Dodging
 - Level 3.1 Stealth
 - Level 4.0 Shields
 * Level 18.1 Spellcasting
 + Level 10.9 Conjurations
 - Level 1.1 Summonings
 - Level 2.0 Necromancy
 - Level 1.1 Translocations
 + Level 10.2 Fire Magic
 - Level 1.3 Ice Magic
 - Level 1.0 Air Magic
 - Level 1.1 Earth Magic
 - Level 1.1 Poison Magic
 - Level 1.0 Evocations


You had 32 spell levels left.
You knew the following spells:

 Your Spells              Type           Power      Damage    Failure   Level
a - Magic Dart            Conj           100%       1d8       1%          1
b - Mephitic Cloud        Conj/Pois/Air  44%        N/A       1%          3
c - Call Imp              Summ           28%        N/A       6%          2
d - Blink                 Tloc           56%        N/A       6%          2
e - Conjure Flame         Conj/Fire      66%        6-21      1%          3
f - Foxfire               Conj/Fire      100%       2x1d9     1%          1
g - Stone Arrow           Conj/Erth      100%       3d13      1%          3

Your spell library contained the following spells:

 Spells                   Type           Power      Damage    Failure   Level
 Eringya's Noxious Bog    Tmut/Pois      12%        N/A       86%         6
 Sandblast                Erth           56%        2d13      1%          1
 Summon Small Mammal      Summ           100%       N/A       4%          1
 Slow                     Hex            88%        N/A       6%          1
 Passwall                 Tmut/Erth      20%        N/A       8%          2
 Vampiric Draining        Necr           32%        2d8       9%          3
 Call Canine Familiar     Summ           28%        N/A       12%         3
 Gell's Gravitas          Tloc           28%        N/A       12%         3
 Lesser Beckoning         Tloc           28%        N/A       12%         3
 Teleport Other           Tloc           28%        N/A       12%         3
 Summon Guardian Golem    Hex/Summ       25%        N/A       16%         3
 Confusing Touch          Hex            22%        N/A       19%         3
 Yara's Violent Unravell  Hex/Tmut       11%        3d6       41%         5
 Cause Fear               Hex            11%        N/A       54%         4
 Dispersal                Tloc           14%        N/A       99%         6
 Dragon Form              Tmut           11%        N/A       100%        7
 Dragon's Call            Summ           14%        N/A       100%        9


Dungeon Overview and Level Annotations

Branches:
Dungeon (13/15)            Temple (1/1) D:7            Lair (0/6) D:8
    Orc (0/2) D:9           Sewer (visited)         Ossuary (visited)
 Vaults: D:13-14

Altars:
Cheibriados
Dithmenos
Hepliaklqana
Kikubaaqudgha
Makhleb
Qazlal
Trog
Uskayaw
Vehumet
Wu Jian
Yredelemnul
Zin
Beogh

Shops:
D:4 :   D:10 *

Annotations:
D:9 3 runed translucent doors, Zdeegee's ghost, journeyman TeAE


Message History

The centaur kicks itself.
The centaur is engulfed in noxious fumes.
The centaur appears confused.
Something barely misses the centaur.
As you read the scroll of teleportation, it crumbles to dust.
You feel strangely unstable.
The centaur is engulfed in noxious fumes. x2
The centaur appears confused.
Something hits the centaur but does no damage.
You block the rakshasa's attack.
Unknown command.
Casting: Mephitic Cloud (safe; 1% risk of failure)
Confirm with . or Enter, or press ? or * to list all spells.
You blink.
The centaur is engulfed in noxious fumes.
The centaur appears confused.
The centaur barely misses the centaur.
The centaur kicks the centaur.
Vehumet accepts your kill.
You feel a bit more experienced.
A manticore comes into view.
The rakshasa weaves an illusion.
The gnoll sergeant throws a stone.
You block the stone.
The centaur is engulfed in noxious fumes.
The centaur appears confused.
The centaur barely misses the rakshasa.
The centaur closely misses the rakshasa.
The rakshasa blinks!
The gnoll sergeant throws a stone.
The stone hits you but does no damage.
Unknown command.
You feel stable enough to blink again.
An arrow appears from out of your range of vision.
The arrow barely misses your crimson imp.
The centaur hits the centaur.
The centaur kicks the centaur.
The centaur hits itself but does no damage.
The centaur kicks itself.
The gnoll hits you but does no damage.
An arrow appears from out of your range of vision.
The arrow hits your crimson imp!
Your crimson imp dies!
Your crimson imp disappears in a puff of smoke!
The rakshasa hits you with a +3 halberd of venom!
You die...

###########
##@.......?#### #.
#.R.g..[g.....# #.
#..........}..#
#.##...g§....5...# #
#[...c$######.####
#.##..c..######.###
#...○☼........Cc..# .
#...°○#########.#)#
..##....)...#...C.#c#


You could see a rakshasa, a gnoll sergeant, 2 centaurs and 2 gnolls.

Vanquished Creatures
  Fannar (D:11)
  A hydra (D:11)
  Erica (D:10)
  A death knight (D:12)
  2 centaur warriors (D:13)
  A boulder beetle (D:12)
  A slime creature (D:9)
  4 two-headed ogres
  Nergalle (D:11)
  Pikel (D:7)
  A phantasmal warrior (D:12)
  A deep elf pyromancer (D:12)
  2 manticores
  3 cyclopes
  An ugly thing (D:12)
  A gargoyle (D:11)
  An unseen horror (D:13)
  Psyche (D:12)
  2 komodo dragons
  2 kobold demonologists
  A freezing wraith (D:12)
  A tengu conjurer (D:11)
  A troll (D:5)
  7 spriggans (D:11)
  2 vampires
  2 wyverns
  12 yaks
  A shadow (D:11)
  4 wraiths
  A steam dragon (D:8)
  5 vampire mosquitoes
  5 wargs
  Duvessa (D:6)
  3 acid dragons (D:12)
  Pargi (Sewer)
  12 orc warriors
  A black bear (D:3)
  An ice beast (D:5)
  2 ogres
  8 centaurs
  A lemure (D:7)
  3 kobold brigands
  2 bullfrogs (D:8)
  2 gnoll sergeants (D:8)
  A water moccasin zombie (D:5)
  3 scorpions
  A water moccasin skeleton (D:5)
  Dowan (D:6)
  8 killer bees
  4 wights (D:6)
  9 howler monkeys
  A bullfrog zombie (D:4)
  A hound (D:5)
  A human zombie (Ossuary)
  14 orc priests
  3 bullfrog skeletons (D:6)
  7 centaur zombies
  3 jellies (D:5)
  An iguana (D:6)
  12 orc wizards
  2 mummies (Ossuary)
  A howler monkey zombie (D:10)
  10 gnolls
  A howler monkey skeleton (D:5)
  9 adders
  A white imp (D:6)
  3 ufetubi
  2 adder zombies (Ossuary)
  An adder skeleton (D:4)
  2 worms
  2 dart slugs
  44 orcs
  3 bats
  5 endoplasms
  7 giant cockroaches
  8 goblins
  8 hobgoblins
  3 jackals (D:4)
  20 kobolds
  4 quokkas (D:3)
  13 ball pythons
  6 frilled lizards
  3 goblin zombies (Ossuary)
  10 hobgoblin zombies (Ossuary)
  A jackal zombie (Ossuary)
  7 kobold zombies (Ossuary)
  10 orc zombies (Ossuary)
  6 rats
370 creatures vanquished.

Vanquished Creatures (collateral kills)
  A hornet (D:9)
  An orc warrior (D:9)
  An ogre (D:7)
  A bullfrog (D:7)
  A centaur zombie (D:7)
  A worm (D:3)
  A hobgoblin (D:3)
7 creatures vanquished.

Vanquished Creatures (others)
  A human (D:10)
  519 foxfires
520 creatures vanquished.

Grand Total: 897 creatures vanquished

Notes
Turn   | Place    | Note
-------+----------+-------------------------------------------
     0 | D:1      | pokeman the Deep Elf Hedge Wizard began the quest for the
                  | Orb.
     0 | D:1      | Reached XP level 1. HP: 10/10 MP: 7/7
   244 | D:1      | Reached XP level 2. HP: 16/16 MP: 0/9
   884 | D:2      | Reached skill level 5 in Spellcasting
  1091 | D:2      | Reached XP level 3. HP: 20/20 MP: 8/11
  1095 | D:2      | Learned a level 3 spell: Mephitic Cloud
  1098 | D:2      | Learned a level 2 spell: Call Imp
  1101 | D:2      | Learned a level 2 spell: Blink
  1105 | D:2      | Learned a level 3 spell: Conjure Flame
  1361 | D:2      | Found a faded altar of an unknown god.
  1379 | D:2      | Reached skill level 1 in Fighting
  1379 | D:2      | Reached skill level 1 in Armour
  1822 | D:3      | Found a glowing drain.
  1854 | Sewer    | Entered a sewer
  1862 | Sewer    | Reached XP level 4. HP: 12/25 MP: 0/13
  2154 | Sewer    | Noticed Pargi
  2199 | Sewer    | Killed Pargi
  2200 | Sewer    | Reached skill level 6 in Spellcasting
  2200 | Sewer    | Reached skill level 1 in Necromancy
  2200 | Sewer    | Reached XP level 5. HP: 26/29 MP: 8/15
  2969 | D:3      | Found a hazy altar of Hepliaklqana.
  3069 | D:3      | Noticed a black bear
  3107 | D:3      | Killed a black bear
  3108 | D:3      | Reached XP level 6. HP: 7/34 MP: 10/17
  3150 | D:3      | Reached skill level 1 in Fire Magic
  3398 | D:3      | Found a stormy altar of Qazlal.
  3401 | D:3      | Noticed a water elemental
  3401 | D:3      | Noticed a fire elemental
  3401 | D:3      | Noticed an air elemental
  3471 | D:3      | Found a radiant altar of Vehumet.
  3510 | D:3      | Became a worshipper of Vehumet
  4013 | D:3      | Reached skill level 7 in Spellcasting
  4311 | D:4      | Reached skill level 1 in Evocations
  4393 | D:4      | Reached skill level 1 in Air Magic
  4599 | D:4      | Found a hide-covered altar of Uskayaw.
  4961 | D:4      | Found Bexkedd's Book Boutique.
  5092 | D:5      | Entered Level 5 of the Dungeon
  5134 | D:5      | Reached XP level 7. HP: 34/38 MP: 8/20
  5214 | D:5      | Reached skill level 1 in Poison Magic
  5255 | D:5      | Reached * piety under Vehumet
  5255 | D:5      | Offered knowledge of Foxfire by Vehumet.
  5260 | D:5      | Learned a level 1 spell: Foxfire
  5268 | D:5      | Reached skill level 8 in Spellcasting
  5458 | D:5      | Found a bloodstained altar of Trog.
  5871 | D:5      | Noticed a troll
  5908 | D:5      | Killed a troll
  5909 | D:5      | Reached skill level 9 in Spellcasting
  5909 | D:5      | Reached XP level 8. HP: 37/44 MP: 15/23
  6282 | D:6      | Found a snail-covered altar of Cheibriados.
  6325 | D:6      | Reached skill level 5 in Conjurations
  6923 | D:6      | Reached skill level 10 in Spellcasting
  6972 | D:6      | Offered knowledge of Sandblast by Vehumet.
  7016 | D:6      | Reached ** piety under Vehumet
  7138 | D:6      | Learned a level 3 spell: Stone Arrow
  7492 | D:7      | Noticed Duvessa
  7492 | D:7      | Noticed Dowan
  7492 | D:7      | Found a staircase to the Ecumenical Temple.
  7506 | D:6      | Killed Dowan
  7507 | D:6      | Reached XP level 9. HP: 45/48 MP: 12/25
  7515 | D:6      | Killed Duvessa
  7749 | D:7      | Reached skill level 1 in Earth Magic
  7836 | D:7      | Found a burning altar of Makhleb.
  7850 | D:7      | Found an ornate altar of the Wu Jian Council.
  8025 | D:7      | Reached skill level 11 in Spellcasting
  8180 | D:7      | Noticed Pikel
  8212 | D:7      | Killed Pikel
  8213 | D:7      | Reached skill level 5 in Fire Magic
  8729 | D:8      | Found a sand-covered staircase.
  8738 | Ossuary  | Entered an ossuary
  8878 | Ossuary  | Offered knowledge of Inner Flame by Vehumet.
  8890 | Ossuary  | Reached *** piety under Vehumet
  9021 | Ossuary  | Reached skill level 12 in Spellcasting
  9342 | D:8      | Found a glowing silver altar of Zin.
  9359 | D:8      | Offered knowledge of Ignite Poison by Vehumet.
  9697 | D:8      | Reached skill level 1 in Shields
  9703 | D:8      | Reached XP level 10. HP: 41/56 MP: 20/28
  9815 | D:8      | Found a staircase to the Lair.
 10654 | D:9      | Reached skill level 13 in Spellcasting
 10866 | D:9      | Reached **** piety under Vehumet
 11142 | D:9      | Found a runed translucent gate.
 11142 | D:9      | Found a runed translucent gate.
 11142 | D:9      | Found a runed translucent gate.
 11143 | D:9      | Noticed Zdeegee's ghost (journeyman TeAE)
 11143 | D:9      | Noticed a spectral centaur warrior
 11306 | D:9      | Offered knowledge of Iskenderun's Mystic Blast by Vehumet.
 11326 | D:9      | Paralysed by a hornet for 2 turns
 11338 | D:9      | Reached skill level 14 in Spellcasting
 11338 | D:9      | Found a staircase to the Orcish Mines.
 11836 | D:10     | Entered Level 10 of the Dungeon
 12578 | D:10     | Noticed Erica
 12593 | D:10     | Killed Erica
 12593 | D:10     | Noticed a two-headed ogre
 12594 | D:10     | Reached XP level 11. HP: 28/60 MP: 8/31
 12599 | D:10     | Killed a two-headed ogre
 12600 | D:10     | Reached skill level 1 in Ice Magic
 13015 | D:10     | Found an ancient bone altar of Kikubaaqudgha.
 13386 | D:10     | Found Wozxeb's Assorted Antiques.
 13529 | D:10     | Found a basalt altar of Yredelemnul.
 13530 | D:10     | Found a shadowy altar of Dithmenos.
 13970 | Temple   | Entered the Ecumenical Temple
 14199 | D:11     | Reached skill level 15 in Spellcasting
 14680 | D:11     | Noticed a seven-headed hydra
 14691 | D:11     | Killed a seven-headed hydra
 15116 | D:11     | Reached skill level 16 in Spellcasting
 15334 | D:11     | Noticed Fannar
 15351 | D:11     | Killed Fannar
 15594 | D:11     | Noticed a two-headed ogre
 15612 | D:11     | Killed a two-headed ogre
 15640 | D:11     | Noticed Nergalle
 15662 | D:11     | Reached XP level 12. HP: 38/66 MP: 9/34
 16160 | D:11     | Killed Nergalle
 16617 | D:12     | Reached skill level 10 in Conjurations
 16764 | D:12     | Noticed a boulder beetle
 16786 | D:12     | Killed a boulder beetle
 16786 | D:12     | Reached ***** piety under Vehumet
 16963 | D:12     | Noticed a death knight
 16964 | D:12     | Noticed a two-headed ogre
 16966 | D:12     | Reached skill level 17 in Spellcasting
 16977 | D:12     | Killed a two-headed ogre
 16977 | D:12     | Offered knowledge of Eringya's Noxious Bog by Vehumet.
 16986 | D:12     | Killed a death knight
 17730 | D:12     | Noticed Psyche
 17735 | D:12     | Killed Psyche
 17993 | D:13     | Noticed a two-headed ogre
 18015 | D:12     | Killed a two-headed ogre
 18130 | D:13     | Reached skill level 10 in Fire Magic
 18136 | D:13     | Reached skill level 5 in Armour
 18253 | D:13     | Noticed a centaur warrior
 18259 | D:13     | Killed a centaur warrior
 18260 | D:13     | Reached skill level 18 in Spellcasting
 18270 | D:13     | Noticed a centaur warrior
 18299 | D:13     | Killed a centaur warrior
 18300 | D:13     | HP: 1/66 [centaur/arrow[a centaur warrior] (4)]
 18308 | D:13     | Noticed a rakshasa
 18315 | D:13     | Slain by a rakshasa

Illustrated notes

Levels and vault maps discovered:
D:1:      dpeg_arrival_short_road, layout_basic, roderic_st_hans_cross
D:2:      layout_rooms, nicolae_ecumenical_snake_handling, st_stairs_11
D:3:      layout_basic, mainiacjoe_overflow_six_doors_small,
          nicolae_qazlal_style_of_elements, vehumet_altar_wand_db,
          gup_sewer_entry_pipe
D:4:      layout_basic, eat_drink_and_be_merry_uskayaw, serial_shops,
          kennysheep_mini_moat, minmay_crystal_room
D:5:      layout_loops_ring, grunt_ministairs_15, minmay_ruined_shrine
D:6:      layout_basic, kennysheep_slug_shrine
D:7:      layout_loops_ring, overflow_temple_1_default, lightli_temple_of_fire,
          minmay_temple_entry_offerings, uniq_pikel, uniq_duvessa
D:8:      layout_basic, lemuel_tele_altar, erik_lair_orcish_takeover,
          nicolae_ossuary_entry_monument
D:9:      layout_rooms, david_orc_1_choice, gammafunk_ghost_necromancy
D:10:     layout_loops_corners, tgw_kikubaaqudgha,
          gammafunk_temple_overflow_pools, serial_shops, shop,
          grunt_ministairs_1, minivault_10, uniq_erica
D:11:     kb_forest_paths, layout_basic, special_room [special_room_orc],
          uniq_fannar, uniq_nergalle
D:12:     layout_basic, uniq_psyche
D:13:     layout_basic, small_chamber_with_monster
Temple:   kb_corrupted_temple

Skill      XL: |  1  2  3  4  5  6  7  8  9 10 11 12 |
---------------+-------------------------------------+-----
Spellcasting   | 5 6 7 9 10 12 14 16 18 | 18.1
Conjurations   | 2 3 4 5 7 8 9 10 | 10.9
Fighting       | 1 2 3 4 |  4.0
Armour         | 1 2 3 5 |  5.2
Dodging        | 3 |  3.1
Necromancy     | 1 2 |  2.0
Stealth        | 3 |  3.1
Fire Magic     | 1 2 4 5 7 8 10 | 10.2
Evocations     | 1 |  1.0
Air Magic      | 1 |  1.0
Poison Magic   | 1 |  1.1
Earth Magic    | 1 |  1.1
Shields        | 1 3 4 |  4.0
Ice Magic      | 1 |  1.3
Summonings     | |  1.1
Translocations | |  1.1

Action                   |  1- 3 |  4- 6 |  7- 9 | 10-12 || total
-------------------------+-------+-------+-------+-------++-------
Melee: Staff             |     2 |       |       |       ||     2
       Dagger            |    33 |    48 |   102 |   118 ||   301
 Cast: Magic Dart        |    83 |   100 |    13 |     5 ||   201
       Mephitic Cloud    |     1 |     6 |    20 |    50 ||    77
       Conjure Flame     |       |     6 |    26 |    56 ||    88
       Call Imp          |       |     3 |     3 |     6 ||    12
       Blink             |       |     2 |     3 |    13 ||    18
       Foxfire           |       |       |   202 |    89 ||   291
       Stone Arrow       |       |       |       |   168 ||   168
Evoke: Wand              |       |       |       |     4 ||     4
  Use: Scroll            |       |       |       |    15 ||    15
 Stab: Confused          |     2 |     3 |     6 |    10 ||    21
       Paralysed         |       |       |       |     4 ||     4
Armor: Leather armour    |    13 |    43 |    67 |    12 ||   135
       Robe              |     2 |       |       |       ||     2
       Ring mail         |       |       |       |    33 ||    33
Dodge: Dodged            |    24 |   101 |   165 |    97 ||   387
Block: Buckler           |       |       |       |    20 ||    20

Table legend: (Time is in decaauts)
 A = Elapsed time spent in this place.
 B = Non-inter-level travel time spent in this place.
 C = Inter-level travel time spent in this place.
 D = Time resting spent in this place.
 E = Time spent auto-exploring this place.
 F = Levels seen in this place.
 G = Mean time per level.
                   A        B        C        D        E       F      G
               +--------+--------+--------+--------+--------+-----+--------+
         Total |  18333 |  17676 |    657 |   1395 |  13202 |  16 | 1145.8 |
       Dungeon |  17271 |  16622 |    649 |   1264 |  12598 |  13 | 1328.5 |
        Temple |     61 |     54 |      7 |      0 |      0 |   1 |   61.0 |
         Sewer |    643 |    643 |      0 |    131 |    436 |   1 |  643.0 |
       Ossuary |    356 |    356 |      0 |      0 |    168 |   1 |  356.0 |
               +--------+--------+--------+--------+--------+-----+--------+

Top non-repeatable levels by time:
    D:11: 2093 daAuts
    D:10: 1982 daAuts
     D:3: 1813 daAuts
    D:12: 1723 daAuts
     D:8: 1589 daAuts
     D:9: 1585 daAuts
     D:6: 1502 daAuts
     D:5: 1143 daAuts
     D:7: 1011 daAuts
     D:4: 1001 daAuts
     D:1: 875 daAuts
     D:2: 755 daAuts
   Sewer: 643 daAuts
 Ossuary: 356 daAuts
    D:13: 193 daAuts
